 Dungeon Crawl Stone Soup version 0.29.1-15-g9cfb28693d (webtiles) character file.

Game seed: 14808137060840292899

66 bmack86 the Shield-Bearer (level 3, -7/31 HPs)
             Began as a Minotaur Fighter on Apr 1, 2024.
             Killed from afar by Grinder (10 damage)
             ... with a puff of flame
             ... on level 3 of the Dungeon.
             The game lasted 00:03:21 (1498 turns).

bmack86 the Shield-Bearer (Minotaur Fighter)        Turns: 1498, Time: 00:03:23

Health: -7/31      AC:  9    Str: 22    XL:     3   Next: 96%
Magic:  2/2        EV:  7    Int:  5    God:
Gold:   109        SH:  4    Dex:  9    Spells: 2/2 levels left

rFire   . . .      SeeInvis .   a - +0 war axe
rCold   . . .      Faith    .   c - +0 buckler
rNeg    . . .      Spirit   .   n - +0 chain mail
rPois   .          Reflect  .   (helmet restricted)
rElec   .          Harm     .   (no cloak)
rCorr   .          Rampage  .   (no gloves)
Will    .....                   (no boots)
Stlth   ..........              (no amulet)
HPRegen 0.10/turn               (no ring)
MPRegen 0.08/turn               (no ring)

@: no status effects
A: horns 2, retaliatory headbutt
a: no special abilities


You were on level 3 of the Dungeon.
You visited 1 branch of the dungeon, and saw 3 of its levels.

You collected 109 gold pieces.

Inventory:

Hand Weapons
 a - a +0 war axe (weapon)
Missiles
 l - 9 poisoned darts
 r - 5 boomerangs (quivered)
Armour
 b - a +0 scale mail
 c - a +0 buckler (worn)
 f - a +0 kite shield
 n - a +0 chain mail (worn)
Jewellery
 o - a ring of protection from fire
Scrolls
 e - 2 scrolls of magic mapping {unknown}
 g - 2 scrolls of identify {unknown}
 j - a scroll of enchant armour {unknown}
 m - a scroll of brand weapon {unknown}
Potions
 d - a potion of might
 h - a potion of heal wounds {unknown}
 i - 4 potions of lignification {unknown}
 k - a potion of haste {unknown}
 p - a potion of invisibility {unknown}
 q - a potion of mutation {unknown}
 s - a potion of brilliance {unknown}


   Skills:
 - Level 3.6 Fighting
 + Level 3.5 Axes
 - Level 3.6 Armour
 * Level 5.3 Shields


You had 2 spell levels left.
You didn't know any spells.
Your spell library was empty.

Dungeon Overview and Level Annotations

Branches:
Dungeon (3/15)

Altars:

Annotations:
D:3 Grinder


Innate Abilities, Weirdness & Mutations

You have a pair of horns on your head.
You reflexively headbutt those who attack you in melee.


Message History

Grinder comes into view.
She is carrying a wand of flame (22).
Found a fuming orange potion.
Grinder shouts!
Grinder gestures at you. You resist with significant effort.
You throw a boomerang. The boomerang barely misses Grinder.
Found a whip.
Grinder gestures at you. Pain shoots through your body!
You hit Grinder.
Grinder is lightly wounded.
Grinder gestures at you.
You suddenly lose the ability to move!
Grinder gestures at you. Pain shoots through your body!
Grinder gestures at you.
You shrug off the repeated paralysis!
Grinder hits you but does no damage. Grinder hits you.
You writhe in agony.
You can move again.
You hit Grinder.
Grinder is moderately wounded.
Grinder hits you.
* * * LOW HITPOINT WARNING * * *
You writhe in agony.
* * * LOW HITPOINT WARNING * * *
Grinder gestures at you.
You barely resist. You hit Grinder.
Grinder is moderately wounded.
Grinder hits you but does no damage.
Unknown command.
You slash Grinder!
Grinder is heavily wounded.
Grinder hits you.
* * * LOW HITPOINT WARNING * * *
You writhe in agony.
* * * LOW HITPOINT WARNING * * *
Grinder zaps a wand.
The puff of flame hits you!
You die...

##.#####..
#.#>..##.#
##.##.##.#
####.##.#
#.##.# ..
#.##.###)... .
#...........)#
####.####..#
#..@5!.#
########


You could see Grinder.

Vanquished Creatures
  2 adders (D:2)
  A worm (D:2)
  2 endoplasms
  3 giant cockroaches (D:1)
  5 hobgoblins
  6 jackals (D:1)
  4 kobolds
  2 quokkas
  3 ball pythons (D:1)
  6 bats
  2 goblins
  6 rats
42 creatures vanquished.

Notes
Turn   | Place    | Note
-------+----------+-------------------------------------------
     0 | D:1      | bmack86 the Minotaur Fighter began the quest for the Orb.
     0 | D:1      | Reached XP level 1. HP: 19/19 MP: 0/0
    56 | D:1      | Reached skill level 4 in Shields
   109 | D:1      | Reached XP level 2. HP: 20/26 MP: 1/1
   259 | D:1      | Found a faded altar of an unknown god.
   579 | D:1      | Reached XP level 3. HP: 31/31 MP: 2/2
  1024 | D:2      | Reached skill level 5 in Shields
  1487 | D:3      | Noticed Grinder
  1491 | D:3      | Paralysed by Grinder for 5 turns
  1498 | D:3      | Killed from afar by Grinder

Illustrated notes

Levels and vault maps discovered:
D:1:      minmay_arrival_jagged, layout_rooms, serial_glass, glass_columns_b,
          glass_columns_a, glass_columns_b, glass_columns_c, glass_columns_b,
          hellmonk_ecumenical_altar_arch_garden, minmay_strange_pillars,
          minmay_tromino_i2
D:2:      layout_rooms
D:3:      layout_loops_corners, chequers_temple_overflow_minitemple,
          serial_shops, nicolae_shop_trees, kennysheep_generic_room_8,
          uniq_grinder

Skill      XL: |  1  2  3 |
---------------+----------+-----
Shields        | 4 5 |  5.3
Axes           | 3 |  3.5
Fighting       | |  3.6
Armour         | |  3.6

Action                   || total
-------------------------++-------
Melee: War axe           ||    90
       Headbutt          ||    10
Throw: Boomerang         ||     5
       Dart              ||     1
Armor: Scale mail        ||    36
       Chain mail        ||    30
Dodge: Dodged            ||    68
Block: Buckler           ||    30
